Map: Data-C

Players

Cham - Winner!

  • Race: Zerg Zerg
  • League: Master
  • Spawn Location: 3:00

Harstem

  • Race: Protoss Protoss
  • League: Master
  • Spawn Location: 9:00

Event: HomeStory Cup XXII

VOD

Have the link to the VOD?

Description

Time

  • Played on: Dec. 15, 2022, 1:54 p.m.
  • Length: 12:01

All games in this series

Show
View Real Time Build Order
Export as new Build Order

Cham Zerg - Winner!

Build Orders: Hatch First, Lurkers 

Get SALT Encoding   

  12  0:01  Drone  
  13  0:13  Overlord  
  13  0:19  Drone  
  14  0:32  Drone x2  
  16  0:50  Hatchery  
  16  0:53  Drone  
  16  0:56  Drone  
  17  1:00  Drone  
  18  1:14  Spawning Pool  
  18  1:16  Extractor  
  16  1:19  Drone  
  16  1:24  Drone  
  18  1:37  Drone  
  19  1:43  Drone  
  20  1:51  Overlord  
  20  2:03  Queen  
  20  2:04  Queen  
  20  2:05  Drone x2  
  26  2:13  Drone  
  26  2:14  Drone  
  28  2:18  Metabolic Boost  
  28  2:23  Drone  
  28  2:24  Drone  
  30  2:39  Zergling x2  
  30  2:40  Hatchery  
  30  2:42  Zergling x2  
  31  2:48  Queen  
  33  2:52  Overlord  
  33  2:53  Drone  
  33  2:56  Drone  
  35  3:00  Drone  
  36  3:12  Drone x2  
  38  3:14  Drone x2  
  38  3:15  Queen, Drone  
  38  3:18  Overlord  
  43  3:22  Overlord  
  43  3:36  Spore Crawler x2, Queen  
  43  3:38  Drone  
  43  3:40  Drone x2  
  46  3:43  Drone  
  46  3:44  Drone  
  46  3:45  Zergling x2  
  46  3:46  Zergling x2  
  46  3:47  Drone  
  51  3:49  Drone  
  51  3:53  Drone  
  53  3:58  Drone x2  
  53  4:02  Spore Crawler  
  54  4:05  Drone x4  
  58  4:15  Drone x2  
  60  4:17  Overlord  
  60  4:21  Drone x2  
  61  4:24  Lair  
  61  4:27  Extractor  
  61  4:28  Roach Warren  
  61  4:30  Drone  
  60  4:33  Drone x3  
  60  4:37  Overlord x2  
  63  4:41  Drone x2, Extractor  
  63  4:42  Extractor  
  63  4:45  Drone x3  
  66  4:46  Drone  
  66  4:52  Overlord  
  67  4:53  Drone  
  67  4:56  Overlord x2, Evolution Chamber  
  67  4:59  Drone x2  
  69  5:00  Drone  
  69  5:01  Drone x2  
  72  5:07  Extractor  
  72  5:08  Extractor  
  72  5:10  Drone, Overlord  
  67  5:22  Drone, Hatchery  
  67  5:23  Drone x2  
  67  5:26  Drone x5  
  67  5:27  Drone  
  67  5:28  Glial Reconstitution  
  76  5:31  Zerg Missile Weapons Level 1  
  73  5:36  Drone x2  
  73  5:39  Drone  
  73  5:40  Drone x2  
  73  5:41  Roach  
  80  5:43  Overlord  
  80  5:45  Roach  
  82  5:50  Roach x3  
  82  5:52  Overlord  
  82  5:56  Roach x2  
  92  5:59  Overlord  
  92  6:02  Roach x2  
  96  6:07  Roach  
  96  6:08  Roach x2  
  96  6:10  Overlord  
  100  6:14  Roach x3  
  100  6:18  Roach x3  
  111  6:24  Roach  
  113  6:30  Overlord  
  113  6:31  Roach x5  
  123  6:39  Overlord  
  123  6:40  Overlord  
  123  6:44  Roach x4  
  123  6:45  Overlord x2  
  123  6:46  Roach  
  133  6:50  Roach  
  133  6:51  Roach  
  137  6:58  Roach x3  
  137  6:59  Ravager x7  
  137  7:00  Roach  
  152  7:02  Roach  
  152  7:06  Roach x2  
  158  7:13  Roach  
  158  7:14  Roach x4  
  168  7:17  Roach x2  
  168  7:19  Overlord  
  168  7:22  Zergling x6  
  175  7:25  Overlord  
  175  7:28  Ravager x2  
  175  7:29  Zergling x6  
  180  7:30  Extractor  
  180  7:32  Overseer  
  180  7:34  Roach  
  180  7:35  Zergling x2  
  182  7:41  Drone x7  
  189  7:45  Hydralisk Den  
  189  7:46  Drone x2  
  189  7:47  Drone  
  162  8:05  Drone x16, Roach  
  133  8:14  Roach x4  
  133  8:18  Roach x2  
  129  8:23  Hydralisk  
  129  8:24  Hydralisk, Extractor x2  
  129  8:27  Roach x2, Lurker Den  
  122  8:31  Hydralisk x2  
  122  8:32  Hydralisk  
  126  8:38  Hydralisk x3  
  130  8:44  Hydralisk x2  
  138  8:48  Roach x2  
  138  8:49  Roach  
  138  8:50  Overlord  
  138  8:51  Roach  
  138  8:54  Roach  
  145  8:55  Zergling x2  
  145  8:56  Hatchery  
  145  9:00  Hydralisk x3  
  145  9:02  Hydralisk  
  150  9:04  Hydralisk  
  150  9:08  Grooved Spines  
  154  9:11  Zergling x8  
  154  9:12  Zergling x4  
  154  9:13  Spore Crawler x2  
  154  9:16  Zerg Missile Weapons Level 2  
  158  9:20  Zergling x2  
  158  9:21  Zergling x12  
  165  9:25  Hydralisk x2  
  165  9:26  Hydralisk  
  165  9:28  Overseer  
  165  9:29  Lurker  
  165  9:30  Zergling x6  
  175  9:32  Zergling x4  
  175  9:34  Zergling x4  
  175  9:36  Lurker  
  180  9:41  Lurker  
  180  9:42  Lurker  
  180  9:43  Zergling x8  
  180  9:44  Zergling x8  
  185  9:56  Lurker  
  185  9:59  Hydralisk  
  172  10:00  Roach x6  
  180  10:11  Hydralisk x7  
  180  10:13  Zergling x2  
  174  10:15  Roach x2  
  177  10:22  Roach x2  
  177  10:23  Roach x2  
  177  10:25  Hydralisk x2, Roach  
  186  10:29  Zergling x2, Roach x2  
  186  10:32  Roach  
  186  10:33  Hydralisk x2, Roach  
  186  10:34  Zergling x4  
  176  10:38  Roach x2  
  176  10:39  Roach x2  
  175  10:43  Hydralisk x2  
  175  10:45  Roach  
  175  10:46  Roach  
  175  10:48  Roach  
  175  10:49  Roach  
  183  10:53  Roach x2  
  184  10:58  Zergling x12  
  184  11:02  Roach x2  
  190  11:04  Hydralisk  
  190  11:05  Zergling x4  
  190  11:07  Hydralisk  
  190  11:08  Zergling x2  
  190  11:09  Roach  
  196  11:14  Hydralisk x2  
  196  11:17  Hydralisk x2  
  192  11:18  Hydralisk  
  192  11:19  Zergling x2  
  192  11:23  Hydralisk  
  192  11:24  Hydralisk x2  
  197  11:28  Roach x2  
Show
View Real Time Build Order
Export as new Build Order

Harstem Protoss 

Build Orders: 1 Gate Expand, Oracle Opening, Zealot Archon 

Get SALT Encoding   

  12  0:00  Probe  
  13  0:12  Probe  
  14  0:17  Pylon  
  14  0:24  Probe (Chrono Boost)  
  15  0:36  Probe (Chrono Boost)  
  15  0:38  Gateway  
  16  0:45  Probe (Chrono Boost)  
  16  0:47  Assimilator  
  17  0:51  Probe  
  18  1:03  Probe  
  19  1:15  Probe  
  20  1:24  Nexus  
  20  1:35  Cybernetics Core  
  20  1:37  Probe  
  21  1:44  Assimilator  
  21  1:50  Probe  
  22  1:54  Pylon  
  22  2:01  Probe  
  23  2:09  Adept (Chrono Boost)  
  23  2:10  Probe  
  26  2:17  Stargate  
  26  2:18  Probe  
  27  2:30  Probe (Chrono Boost)  
  27  2:32  Adept  
  27  2:34  Warp Gate  
  27  2:37  Probe (Chrono Boost)  
  32  2:47  Probe x2 (Chrono Boost)  
  33  2:52  Probe (Chrono Boost)  
  33  2:53  Probe  
  35  3:00  Oracle (Chrono Boost)  
  35  3:03  Probe  
  39  3:05  Probe  
  39  3:10  Pylon  
  40  3:15  Probe  
  40  3:18  Probe, Gateway  
  42  3:27  Oracle (Chrono Boost), Probe  
  42  3:30  Probe  
  47  3:39  Probe  
  48  3:44  Nexus  
  48  3:46  Probe  
  49  3:50  Pylon  
  49  3:51  Probe  
  50  3:58  Probe  
  51  4:03  Probe  
  51  4:04  Assimilator  
  51  4:09  Forge, Assimilator  
  52  4:11  Twilight Council  
  52  4:13  Probe (Chrono Boost)  
  52  4:15  Probe (Chrono Boost)  
  54  4:22  Adept x2  
  59  4:26  Probe x2 (Chrono Boost)  
  59  4:27  Pylon  
  60  4:38  Probe x2 (Chrono Boost)  
  62  4:40  Protoss Ground Weapons Level 1 (Chrono Boost)  
  62  4:41  Gateway  
  62  4:42  Gateway  
  62  4:43  Charge  
  62  4:50  Probe (Chrono Boost)  
  64  4:55  Probe (Chrono Boost)  
  64  4:57  Probe (Chrono Boost)  
  65  5:01  Probe  
  65  5:02  Templar Archives  
  65  5:03  Robotics Facility  
  65  5:06  Shield Battery  
  65  5:07  Probe  
  67  5:14  Probe x2  
  67  5:19  Probe  
  70  5:22  Zealot, Sentry  
  70  5:23  Pylon  
  70  5:26  Probe  
  70  5:27  Probe  
  76  5:31  Probe  
  77  5:38  Probe  
  77  5:39  Probe  
  77  5:40  Zealot  
  77  5:41  Zealot  
  83  5:43  Probe, Assimilator  
  83  5:46  Pylon  
  83  5:47  Assimilator  
  83  5:48  High Templar  
  83  5:49  High Templar  
  88  5:50  Probe  
  88  5:51  Probe, Pylon  
  88  5:52  Archon  
  88  5:55  Observer (Chrono Boost), Probe  
  92  6:02  Probe  
  93  6:04  Probe  
  93  6:07  Probe  
  93  6:08  Immortal (Chrono Boost)  
  98  6:14  Probe  
  98  6:17  Robotics Bay  
  99  6:23  Nexus  
  99  6:26  Gateway  
  99  6:28  Gateway  
  99  6:30  Gateway  
  99  6:32  Photon Cannon  
  103  6:40  Immortal (Chrono Boost), Pylon  
  103  6:41  Void Ray (Chrono Boost)  
  103  6:43  Photon Cannon  
  103  6:46  High Templar  
  103  6:47  Protoss Ground Weapons Level 2 (Chrono Boost)  
  109  6:58  Pylon  
  109  6:59  Probe x2  
  109  7:01  Zealot  
  113  7:07  Pylon  
  113  7:10  Probe  
  113  7:11  Probe x2  
  116  7:16  Disruptor (Chrono Boost)  
  116  7:22  Probe  
  120  7:23  Probe  
  120  7:25  Probe  
  122  7:30  High Templar x2  
  122  7:33  Zealot x3, Pylon  
  122  7:34  Archon, Probe  
  122  7:35  Pylon  
  122  7:36  Shield Battery  
  131  7:43  Probe  
  128  7:45  Pylon  
  128  7:47  High Templar  
  128  7:49  Disruptor (Chrono Boost)  
  113  8:00  Zealot x3  
  113  8:01  Zealot  
  113  8:05  Probe x2  
  106  8:06  Zealot x2  
  103  8:15  Disruptor (Chrono Boost)  
  103  8:17  Probe  
  103  8:19  Zealot  
  93  8:27  Nexus, High Templar  
  93  8:28  High Templar x3  
  93  8:32  Phoenix (Chrono Boost), Probe  
  102  8:34  Archon x2  
  102  8:36  Probe  
  102  8:38  Probe, Pylon  
  104  8:43  Immortal (Chrono Boost)  
  104  8:47  Probe  
  109  8:50  Photon Cannon  
  111  8:59  Probe, High Templar x2  
  111  9:02  Photon Cannon  
  116  9:03  Pylon  
  116  9:04  Assimilator  
  116  9:07  Probe, Assimilator  
  116  9:10  Archon, Probe  
  116  9:12  Shield Battery  
  116  9:13  Zealot x2  
  116  9:14  Zealot x3  
  126  9:19  Stargate, Fleet Beacon  
  126  9:21  Protoss Air Weapons Level 1  
  126  9:23  Probe  
  127  9:30  Disruptor (Chrono Boost)  
  127  9:32  Shield Battery  
  127  9:37  Pylon  
  128  9:56  Zealot x7  
  144  10:05  Photon Cannon  
  135  10:12  Disruptor (Chrono Boost)  
  133  10:18  Zealot x5  
  122  10:35  Probe  
  122  10:39  Zealot x4  
  122  10:40  Disruptor (Chrono Boost)  
  124  11:01  Zealot x2  
  124  11:03  Carrier (Chrono Boost), Probe  
  139  11:07  Gateway  
  132  11:12  Gateway  
  132  11:14  Observer (Chrono Boost)  
  126  11:22  Zealot x2  
  113  11:45  Zealot x2  
  113  11:46  Probe  
  109  11:47  Probe  
Tags
 
Add a new tag
Caveats
  • Supply blocks, unpowered buildings, or Contaminate may cause inaccurate times.
  • Supply counts are checked every 10 seconds.